 Dungeon Crawl Stone Soup version 0.29.1-1-gd02db6906a (webtiles) character file.

Game seed: 14372387447872859217

13167 wingedge the Frost Mage (level 11, -1/88 HPs)
             Began as a Demigod Earth Elementalist on Oct 13, 2022.
             Slain by an unseen horror (6 damage)
             ... on level 11 of the Dungeon.
             The game lasted 00:53:45 (12899 turns).

wingedge the Frost Mage (DgEE)                     Turns: 12899, Time: 00:53:46

Health: -1/88      AC:  8    Str: 17    XL:     11   Next: 44%
Magic:  8/22       EV: 12    Int: 21    God:
Gold:   196        SH:  5    Dex: 14    Spells: 5/20 levels left

rFire   + . .      SeeInvis .   a - +2 rapier (venom)
rCold   . . .      Faith    .   y - +0 buckler
rNeg    . . .      Spirit   .   O - +0 robe {rF+}
rPois   .          Reflect  .   z - +1 hat
rElec   +          Harm     .   d - +0 cloak
rCorr   .          Rampage  .   I - +0 pair of gloves
Will    +....                   s - +2 pair of boots of the Old and Reckless {rElec}
Stlth   +++.......              (no amulet)
HPRegen 0.24/turn               C - +4 ring of slaying
MPRegen 0.18/turn               (no ring)

@: mighty, hasted (expiring), invisible, very quick
A: high MP 1, forlorn, divine attributes
a: no special abilities


You were on level 11 of the Dungeon.
You visited 1 branch of the dungeon, and saw 11 of its levels.

You collected 529 gold pieces.
You spent 333 gold pieces at shops.

Inventory:

Hand Weapons
 a - a +2 rapier of venom (weapon)
 b - a +4 dagger of draining
 f - a +5 battleaxe
Missiles
 i - 9 javelins
 w - 30 poisoned darts
 K - 7 boomerangs
 M - 4 curare-tipped darts
Armour
 d - a +0 cloak (worn)
 o - a +0 ring mail
 q - a +0 kite shield
 s - the +2 pair of boots of the Old and Reckless (worn) {rElec}
   (You found it on level 4 of the Dungeon)

   rElec:     It insulates you from electricity.
 y - a +0 buckler (worn)
 z - a +1 hat (worn)
 I - a +0 pair of gloves (worn)
 O - a +0 robe of fire resistance (worn)
Jewellery
 C - a +4 ring of slaying (left hand)
Wands
 E - a wand of light (5)
 F - a wand of digging (3)
 H - a wand of charming (11)
 J - a wand of mindburst (16)
 L - a wand of flame (26)
Scrolls
 c - 5 scrolls of amnesia
 e - 3 scrolls of butterflies
 g - 5 scrolls of teleportation
 h - 3 scrolls of magic mapping
 n - 2 scrolls of poison
 r - a scroll of identify
 x - a scroll of torment
 B - a scroll of immolation
Potions
 j - 2 potions of magic
 m - a potion of haste
 p - a potion of mutation
 u - a potion of cancellation
 A - 2 potions of might
 D - a potion of flight
 G - 2 potions of brilliance
 N - 2 potions of attraction


   Skills:
 + Level 5.2 Fighting
 - Level 4.0 Short Blades
 - Level 2.0 Armour
 - Level 2.0 Dodging
 - Level 4.0 Stealth
 - Level 3.0 Shields
 - Level 5.0 Spellcasting
 - Level 7.2 Conjurations
 - Level 5.0 Hexes
 - Level 1.0 Transmutations
 - Level 9.0 Ice Magic
 - Level 6.0 Air Magic
 - Level 5.0 Earth Magic


You had 5 spell levels left.
You knew the following spells:

 Your Spells              Type           Power      Damage    Failure   Level
a - Sandblast             Erth           52%        2d12      1%          1
b - Stone Arrow           Conj/Erth      60%        3d10      3%          3
c - Passwall              Tmut/Erth      14%        N/A       6%          2
d - Slow                  Hex            100%       N/A       1%          1
e - Confusing Touch       Hex            26%        N/A       5%          3
f - Freezing Cloud        Conj/Ice/Air   18%        6-21      19%         5

Your spell library contained the following spells:

 Spells                   Type           Power      Damage    Failure   Level
 Summon Small Mammal      Summ           20%        N/A       14%         1
 Summon Guardian Golem    Hex/Summ       15%        N/A       16%         3
 Blink                    Tloc           10%        N/A       22%         2
 Call Canine Familiar     Summ           5%         N/A       38%         3
 Lesser Beckoning         Tloc           5%         N/A       38%         3
 Vampiric Draining        Necr           5%         2d6       38%         3
 Petrify                  Tmut/Erth      17%        N/A       38%         4
 Yara's Violent Unravell  Hex/Tmut       8%         3d5       75%         5
 Manifold Assault         Tloc           5%         N/A       98%         5
 Simulacrum               Ice/Necr       12%        N/A       98%         6
 Enfeeble                 Hex            13%        N/A       100%        7
 Storm Form               Tmut/Air       9%         N/A       100%        7
 Polar Vortex             Ice            21%        N/A       100%        9


Dungeon Overview and Level Annotations

Branches:
Dungeon (11/15)            Temple (0/1) D:7            Lair (0/5) D:11
    Orc: D:9-12

Shops:
D:6 *

Portals:
Gauntlet: D:11


Innate Abilities, Weirdness & Mutations

You have an increased reservoir of magic. (+10% MP)
You shall have no god before yourself.
Your divine heritage dramatically boosts your attributes as you level up.


Message History

Confirm with . or Enter, or press ? or * to list all spells.
Aiming: Stone Arrow (mildly dangerous; 3% risk of failure)
Press: ? - help, Shift-Dir - straight line, f - eight-headed hydra
Aim: an eight-headed hydra (heavily wounded, slow, ally target, 91% to hit)
The stone arrow hits the eight-headed hydra!!
The eight-headed hydra is almost dead.
Your centaur wields a +0 shortbow.
Your centaur shoots an arrow.
The arrow hits the eight-headed hydra!
Unknown command.
Casting: Stone Arrow (mildly dangerous; 3% risk of failure)
Confirm with . or Enter, or press ? or * to list all spells.
Aiming: Stone Arrow (mildly dangerous; 3% risk of failure)
Press: ? - help, Shift-Dir - straight line, f/p - eight-headed hydra
Aim: an eight-headed hydra (almost dead, slow, ally target, 91% to hit)
The stone arrow hits the eight-headed hydra!!
You kill the eight-headed hydra!
Your extra speed is starting to run out.
Your yak is engulfed in freezing vapours. x2
You kill your yak!
Your yak's corpse dissolves into shadows!
Training target 9.0 for Ice Magic reached!
Your Ice Magic skill increases to level 9!
You need to enable at least one skill for training.
Your centaur unwields a +0 shortbow.
Your centaur hits something but does no damage.
Your centaur misses something. Something hits you.
* * * LOW HITPOINT WARNING * * *
Deactivating autopickup; reactivate with Ctrl-A.
You feel better. Something hits you.
* * * LOW HITPOINT WARNING * * *
Your centaur hits something.
Your centaur kicks something.
Your yak closely misses something.
Something hits you!
* * * LOW HITPOINT WARNING * * *
You fade into invisibility!
Something hits you.
* * * LOW HITPOINT WARNING * * *
Your centaur hits something but does no damage.
Your centaur kicks something.
Your yak closely misses something.
Something hits you.
You die...

,,,,,,* #.# *.#....,,>
,,,,,,* #.# *......,,,
,,,,,,* #.##### *#......,,,
,***,,****
#.....###○....#,,,, **
**,,,,***
#.....'..☼....#,,,, **,,,,,*
#....)#)).....#*,^,
*,,,,,*########Y)§))...#**,,
*,,,...#......cY.°[......,,,
*,,,....∩..@..Y.Y........,,,
*,,,..#....)..Y..○.......,,,
******##<.....?..........,,,
*#####+#...........,,,
*,,,,,,............,,,
*,,,,,.............,,,
*,,,,..#..........,,,,
*******#........,,,,,,
*,,,,,>,,,,,,,,


You could see 5 friendly yaks and a friendly centaur (summoned).

Vanquished Creatures
  A hydra (D:11)
  Sonja (D:10)
  Urug (D:10)
  2 ugly things (D:11)
  An unseen horror (D:10)
  A troll (D:11)
  Sigmund (D:3)
  A vampire (D:9)
  8 yaks (D:10)
  3 wyverns
  A wraith (D:11)
  2 steam dragons
  A warg (D:11)
  3 water moccasins
  3 ice beasts
  3 orc warriors
  A black bear (D:7)
  5 ogres
  A phantom (D:6)
  2 centaurs (D:8)
  2 kobold brigands
  A gnoll sergeant (D:11)
  2 bullfrogs (D:9)
  4 necrophages
  2 scorpions
  5 wights (D:8)
  5 killer bees (D:7)
  3 electric eels (D:8)
  A hound (D:6)
  2 jellies
  5 orc priests
  4 iguanas
  Natasha (D:3)
  11 orc wizards
  10 adders
  9 gnolls
  A shadow imp (D:6)
  A white imp (D:7)
  3 worms (D:2)
  4 dart slugs
  38 orcs
  18 bats
  5 endoplasms
  8 goblins
  4 hobgoblins
  12 jackals
  5 quokkas
  10 ball pythons
  2 frilled lizards
  14 kobolds
  7 rats
241 creatures vanquished.

Vanquished Creatures (collateral kills)
  2 wargs (D:11)
2 creatures vanquished.

Vanquished Creatures (others)
  A plant (D:8)
1 creature vanquished.

Grand Total: 244 creatures vanquished

Notes
Turn   | Place    | Note
-------+----------+-------------------------------------------
     0 | D:1      | wingedge the Demigod Earth Elementalist began the quest for
                  | the Orb.
     0 | D:1      | Reached XP level 1. HP: 14/14 MP: 5/5
   414 | D:1      | Reached skill level 1 in Fighting
   415 | D:1      | Reached XP level 2. HP: 22/23 MP: 2/7
   735 | D:1      | Reached skill level 1 in Transmutations
  1212 | D:1      | Reached XP level 3. HP: 28/28 MP: 2/8
  1443 | D:1      | Learned a level 3 spell: Stone Arrow
  1605 | D:2      | Reached skill level 1 in Conjurations
  1811 | D:2      | Reached XP level 4. HP: 35/35 MP: 6/9
  1949 | D:2      | Learned a level 2 spell: Passwall
  2092 | D:2      | Learned a level 1 spell: Slow
  2735 | D:3      | Reached skill level 1 in Hexes
  2742 | D:3      | Reached XP level 5. HP: 37/41 MP: 2/10
  3153 | D:3      | Noticed Sigmund
  3164 | D:3      | Killed Sigmund
  3165 | D:3      | Reached XP level 6. HP: 48/48 MP: 1/11
  3413 | D:3      | Noticed Natasha
  3423 | D:3      | Killed Natasha
  3781 | D:4      | Identified the +2 pair of boots of the Old and Reckless
                  | {rElec}
  4397 | D:4      | HP: 2/48 [ogre/+0 giant club (15)]
  4996 | D:4      | Reached XP level 7. HP: 57/57 MP: 10/14
  5063 | D:5      | Entered Level 5 of the Dungeon
  5136 | D:5      | Reached skill level 1 in Shields
  5308 | D:5      | Reached skill level 5 in Conjurations
  5742 | D:5      | Reached skill level 5 in Earth Magic
  6009 | D:5      | Reached XP level 8. HP: 63/63 MP: 5/16
  6520 | D:6      | Learned a level 3 spell: Confusing Touch
  6532 | D:6      | Reached skill level 1 in Armour
  6747 | D:6      | Reached skill level 1 in Short Blades
  7280 | D:6      | Found Hiocoito's General Store.
  7283 | D:6      | Bought a potion of curing for 36 gold pieces
  7283 | D:6      | Bought a potion of brilliance for 48 gold pieces
  7283 | D:6      | Bought 2 scrolls of identify for 48 gold pieces
  7283 | D:6      | Bought a +2 rapier of venom for 201 gold pieces
  7391 | D:6      | Reached skill level 5 in Spellcasting
  7752 | D:7      | Found a staircase to the Ecumenical Temple.
  7805 | D:7      | Reached XP level 9. HP: 52/71 MP: 17/20
  8312 | D:7      | Reached skill level 5 in Hexes
  9678 | D:8      | Found a transporter.
  9699 | D:8      | Found a transporter.
  9814 | D:8      | Reached skill level 5 in Fighting
  9882 | D:8      | Reached skill level 1 in Ice Magic
  9882 | D:8      | Reached skill level 1 in Air Magic
 10264 | D:9      | Reached skill level 2 in Ice Magic
 10270 | D:9      | Learned a level 5 spell: Freezing Cloud
 10330 | D:9      | Reached skill level 5 in Ice Magic
 10330 | D:9      | Reached skill level 5 in Air Magic
 10330 | D:9      | Reached XP level 10. HP: 81/81 MP: 21/21
 10909 | D:10     | Entered Level 10 of the Dungeon
 11192 | D:10     | Noticed Urug
 11212 | D:10     | Killed Urug
 11671 | D:10     | Noticed Sonja
 11682 | D:10     | Killed Sonja
 11683 | D:10     | Reached skill level 6 in Ice Magic
 11683 | D:10     | Reached XP level 11. HP: 35/86 MP: 7/22
 12271 | D:10     | Reached skill level 7 in Ice Magic
 12750 | D:11     | Reached skill level 8 in Ice Magic
 12884 | D:11     | Noticed an eight-headed hydra
 12891 | D:11     | Found a gate leading to a gauntlet.
 12894 | D:11     | Killed an eight-headed hydra
 12895 | D:11     | Reached skill level 9 in Ice Magic
 12899 | D:11     | Slain by an unseen horror

Illustrated notes

Levels and vault maps discovered:
D:1:      lemuel_arrival_behind_the_door_large, layout_loops_ring,
          roderic_lattice_a
D:2:      layout_basic, due_unseen_surprise
D:3:      layout_basic, mainiacjoe_overflow_brackets, hangedman_decor_growths,
          uniq_natasha, uniq_sigmund
D:4:      layout_rooms, minitemple, roderic_batcave,
          chequers_serial_rivers_micro_b
D:5:      layout_cave_pools, chequers_temple_overflow_minitemple
D:6:      layout_basic, serial_shops, kennysheep_mini, feat_on_display
D:7:      layout_loops_ring, temple_fountains, eino_jars
D:8:      gammafunk_steamed_eel, layout_rooms
D:9:      layout_loops_ring
D:10:     layout_roguey, zin_statuary, kennysheep_little_box, uniq_sonja,
          uniq_urug
D:11:     layout_basic, erik_lair_orcish_takeover, gauntlet_entry_generic

Skill      XL: |  1  2  3  4  5  6  7  8  9 10 11 |
---------------+----------------------------------+-----
Earth Magic    | 3 4 5 |  5.0
Fighting       | 1 2 3 4 5 |  5.2
Stealth        | 2 3 4 |  4.0
Dodging        | 2 |  2.0
Transmutations | 1 |  1.0
Spellcasting   | 2 3 5 |  5.0
Conjurations   | 1 2 3 4 5 7 |  7.2
Hexes          | 1 2 3 4 5 |  5.0
Shields        | 2 3 |  3.0
Armour         | 1 2 |  2.0
Short Blades   | 2 4 |  4.0
Ice Magic      | 5 6 9 |  9.0
Air Magic      | 5 6 |  6.0

Action                   |  1- 3 |  4- 6 |  7- 9 | 10-12 || total
-------------------------+-------+-------+-------+-------++-------
Melee: Dagger            |     6 |    52 |    51 |    20 ||   129
       Flail             |       |     2 |       |       ||     2
       Rapier            |       |       |    54 |    67 ||   121
Throw: Stone             |     3 |       |       |       ||     3
 Cast: Sandblast         |    57 |    31 |    14 |     2 ||   104
       Stone Arrow       |     1 |    37 |    97 |    10 ||   145
       Passwall          |       |     2 |       |       ||     2
       Slow              |       |    10 |    16 |     7 ||    33
       Confusing Touch   |       |       |    11 |     9 ||    20
       Freezing Cloud    |       |       |       |    15 ||    15
Evoke: Wand              |       |       |     4 |       ||     4
  Use: Scroll            |       |     8 |    13 |     6 ||    27
       Potion            |       |       |     5 |    11 ||    16
 Stab: Sleeping          |       |     2 |       |     1 ||     3
       Confused          |       |       |    10 |    10 ||    20
Armor: Robe              |     4 |       |       |    26 ||    30
       Leather armour    |     4 |    29 |    40 |       ||    73
Dodge: Dodged            |    13 |    41 |    61 |    35 ||   150
Block: Buckler           |       |       |    15 |    18 ||    33
       Kite shield       |       |       |    14 |       ||    14
